 Dungeon Crawl Stone Soup version 0.18.1-48-g4cf74bf (webtiles) character file.

527 Fraydo the Cleaver (level 7, -3/63 HPs)
             Began as a Hill Orc Fighter on Sept 8, 2016.
             Was a Follower of Okawaru.
             Slain by a mummy (7 damage)
             ... in an ossuary.
             The game lasted 00:12:55 (2880 turns).

Fraydo the Cleaver (Hill Orc Fighter)               Turns: 2880, Time: 00:12:55

Health: -3/63      AC: 10    Str: 19    XL:     7   Next: 23%
Magic:  7/7        EV:  5    Int:  8    God:    Okawaru [*.....]
Gold:   231        SH:  9    Dex: 12    Spells: 0 memorised, 6 levels left

rFire  . . .     SeeInvis .     a - +0 war axe
rCold  . . .     Gourm    .     B - +0 chain mail
rNeg   . . .     Faith    .     c - +0 shield
rPois  .         Spirit   .     (no helmet)
rElec  .         Dismiss  .     C - +0 cloak
rCorr  .         Reflect  .     (no gloves)
SustAt .         Harm     .     (no boots)
MR     .....                    (no amulet)
Stlth  ..........               (no ring)
                                h - ring of wizardry

@: not resistant to hostile enchantments, extremely unstealthy
A: no striking features
a: Heroism, Renounce Religion


You were in an ossuary.
You worshipped Okawaru.
Okawaru was aware of your devotion.
You were not hungry.

You visited 1 branch of the dungeon, and saw 5 of its levels.
You also visited: Ossuary.

You collected 231 gold pieces.

Inventory:

Hand Weapons
 a - a +0 war axe (weapon)
Missiles
 s - 3 tomahawks (quivered)
Armour
 c - a +0 shield (worn)
 B - a +0 chain mail (worn)
 C - a +0 cloak (worn)
Jewellery
 h - a ring of wizardry (left hand)
 k - a cursed ring of loudness {unknown}
 A - a cursed ring of loudness {unknown}
Wands
 l - a wand of teleportation (5/9)
 t - a wand of digging (9/24)
Scrolls
 d - a scroll of recharging {unknown}
 e - a scroll of enchant weapon {unknown}
 m - 2 scrolls of amnesia {unknown}
 n - a scroll of blinking {unknown}
 p - a scroll of immolation {unknown}
 q - 6 scrolls of identify {unknown}
 u - a scroll of random uselessness {unknown}
 y - a scroll of magic mapping {unknown}
Potions
 i - a potion of flight {unknown}
 j - a potion of mutation {unknown}
 o - 2 potions of degeneration {unknown}
 r - a potion of ambrosia {unknown}
 v - 2 potions of haste {unknown}
 w - a potion of curing {unknown}
Comestibles
 f - 3 bread rations
 g - 4 fruits
 x - 2 chunks of flesh
 z - a meat ration


   Skills:
 - Level 6.0 Fighting
 - Level 8.0 Axes
 + Level 4.1 Armour
 - Level 3.2 Shields


You had 6 spell levels left.
You didn't know any spells.

Dungeon Overview and Level Annotations

Branches:
Dungeon (5/15)
 Temple: D:4-7

Altars:
Ashenzari
Fedhas
Kikubaaqudgha
Nemelex Xobeh
Okawaru
Qazlal
Sif Muna
Xom
Yredelemnul
The Shining One

Shops:
D:5 }

Annotations:
D:3 xvillia's ghost, amateur DsAK


Message History

The mummy is heavily damaged.
You block the mummy's attack.
Your shield and chain mail prevent you from hitting the mummy.
The mummy is heavily damaged.
You hit the mummy but do no damage.
The mummy is heavily damaged.
You closely miss the mummy. The mummy hits you!
* * * LOW HITPOINT WARNING * * *
You are too injured to fight recklessly!
You are too injured to fight recklessly!
Unknown command.
You are too injured to fight recklessly!
You are too injured to fight recklessly!
You slash the mummy!
You destroy the mummy!
Okawaru accepts your kill.
You hit the mummy but do no damage. The mummy hits you!
* * * LOW HITPOINT WARNING * * *
You hit the mummy but do no damage. The mummy hits you!
You die...

##.. #.... ###
..... ##..## ..
.....##....##..
...............
#..............
#.....M.......
#..@.....#
##......##
##....## #....#
#....# #....#
#....# #....#
#....#


You could see a mummy.

Vanquished Creatures
  A phantom (D:5)
  A scorpion (D:5)
  A crimson imp (D:5)
  2 hounds
  An orc wizard (D:5)
  A giant frog skeleton (D:4)
  An iguana (D:4)
  A worker ant (D:4)
  A big kobold zombie (Ossuary)
  A hound skeleton (D:5)
  4 mummies (Ossuary)
  An adder (D:5)
  An ooze (D:4)
  A worm (D:2)
  A dart slug (D:2)
  4 giant geckos
  14 orcs
  4 bat skeletons (D:2)
  2 bat zombies (D:2)
  4 giant cockroaches
  2 gnoll zombies (Ossuary)
  5 goblins
  2 hobgoblins
  6 jackals
  8 bats
  3 giant newts
  A hobgoblin zombie (Ossuary)
  4 kobolds
  2 kobold zombies (Ossuary)
  2 orc zombies (Ossuary)
  A quokka skeleton (D:5)
  2 rats
85 creatures vanquished.

Vanquished Creatures (others)
  4 toadstools (D:1)
4 creatures vanquished.

Grand Total: 89 creatures vanquished

Notes
Turn   | Place    | Note
--------------------------------------------------------------
     0 | D:1      | Fraydo the Hill Orc Fighter began the quest for the Orb.
     0 | D:1      | Reached XP level 1. HP: 19/19 MP: 1/1
   174 | D:1      | Reached skill level 3 in Axes
   665 | D:2      | Reached XP level 2. HP: 16/26 MP: 2/2
   770 | D:2      | Reached skill level 4 in Axes
   790 | D:2      | Found an ancient bone altar of Kikubaaqudgha.
   823 | D:2      | Reached XP level 3. HP: 26/31 MP: 3/3
   992 | D:2      | Found a basalt altar of Yredelemnul.
   994 | D:2      | Noticed a profane servitor
  1068 | D:2      | Found a shimmering altar of Xom.
  1069 | D:2      | Found a shimmering altar of Xom.
  1120 | D:2      | Found a blossoming altar of Fedhas.
  1148 | D:2      | Found a shimmering altar of Xom.
  1148 | D:2      | Found a shimmering altar of Xom.
  1173 | D:2      | Found a deep blue altar of Sif Muna.
  1214 | D:2      | Found an iron altar of Okawaru.
  1223 | D:2      | Reached skill level 5 in Axes
  1233 | D:2      | Became a worshipper of Warmaster Okawaru
  1368 | D:2      | Found a glowing golden altar of the Shining One.
  1370 | D:2      | Noticed an angel
  1402 | D:3      | Found a sparkling altar of Nemelex Xobeh.
  1474 | D:3      | Noticed xvillia's ghost (amateur DsAK)
  1585 | D:3      | Reached XP level 4. HP: 25/39 MP: 4/4
  2012 | D:4      | Reached skill level 6 in Axes
  2017 | D:4      | Reached XP level 5. HP: 45/45 MP: 5/5
  2068 | D:4      | Reached skill level 7 in Axes
  2138 | D:4      | Found a shattered altar of Ashenzari.
  2346 | D:5      | Entered Level 5 of the Dungeon
  2441 | D:5      | Found Zov Coi's Gadget Shop.
  2454 | D:5      | Reached skill level 8 in Axes
  2454 | D:5      | Reached XP level 6. HP: 24/51 MP: 6/6
  2492 | D:5      | Found a sparkling altar of Nemelex Xobeh.
  2499 | D:5      | Noticed a phantom
  2551 | D:5      | HP: 2/52 [scorpion (4)]
  2582 | D:5      | Reached * piety under Okawaru
  2626 | D:5      | Reached skill level 5 in Fighting
  2640 | D:5      | Killed a phantom
  2640 | D:5      | Reached XP level 7. HP: 11/63 MP: 7/7
  2827 | D:5      | Found a stormy altar of Qazlal.
  2833 | D:5      | Found a sand-covered staircase.
  2842 | Ossuary  | Entered an ossuary
  2880 | Ossuary  | Slain by a mummy

Skill      XL: |  1  2  3  4  5  6  7 |
---------------+----------------------+-----
Axes           | 3 4 5 6 8 |  8.0
Fighting       | 6 |  6.0
Armour         | 4 |  4.1
Shields        | |  3.2

Action                   |  1- 3 |  4- 6 |  7- 9 || total
-------------------------+-------+-------+-------++-------
Melee: War axe           |   134 |    97 |    47 ||   278
  Use: Potion            |       |     1 |     1 ||     2
  Eat: Chunk             |     2 |     3 |       ||     5
       Bread ration      |       |     1 |       ||     1
Armor: Scale mail        |    74 |    45 |     4 ||   123
       Chain mail        |       |       |    10 ||    10
Dodge: Dodged            |    55 |    35 |    13 ||   103
Block: Shield            |    80 |    39 |    12 ||   131
